 Dungeon Crawl Stone Soup version 0.29-a0-341-g24ffce5b50 (webtiles) character file.

Game seed: 529891319450136629

77926 spaghetti the Slicer (level 15, -18/84 HPs)
             Began as a Vine Stalker Berserker on Apr 20, 2022.
             Was a High Priest of Trog.
             Demolished by an orc knight
             ... wielding a +0 war axe
              (34 damage)
             ... on level 2 of the Orcish Mines.
             The game lasted 00:48:26 (17571 turns).

spaghetti the Slicer (Vine Stalker Berserker)      Turns: 17571, Time: 00:48:26

Health: -18/84     AC: 12    Str: 21    XL:     15   Next: 58%
Magic:  0/16       EV: 25    Int: 14    God:    Trog [*****.]
Gold:   481        SH:  0    Dex: 31    Spells: 14/14 levels left

rFire   . . .      SeeInvis .   b - +12 short sword of Diohitonn {speed, Int+4 Dex+5, short}
rCold   . . .      Faith    +   (no shield)
rNeg    . . .      Spirit   +   i - +1 troll leather armour {Snorg}
rPois   +          Reflect  .   q - +2 hat {Int+3}
rElec   .          Harm     .   B - +2 cloak
rCorr   .          Rampage  .   (no gloves)
Will    +++..                   (no boots)
Stlth   ++........              O - amulet of faith {!P}
HPRegen 2.84/turn               e - +6 ring of dexterity
MPRegen 0.15/turn               l - ring "Juamix" {rPois Slay+4}

@: strong-willed, on berserk cooldown, regenerating, slowed, studying Long
Blades, very slow
A: fangs 3, regeneration 1, magic shield, antimagic bite, no potion heal 2
a: Renounce Religion, Berserk, Trog's Hand, Brothers in Arms


You were on level 2 of the Orcish Mines.
You worshipped Trog.
Trog was extremely pleased with you.
You visited 3 branches of the dungeon, and saw 19 of its levels.

You collected 1729 gold pieces.
You spent 1248 gold pieces at shops.


Innate Abilities, Weirdness & Mutations

You have razor-sharp teeth.
Your natural rate of healing is unusually fast.
When hurt, damage is shared between your health and your magic reserves.
Your bite disrupts and absorbs the magic of your enemies.
Potions cannot restore your health.


   Skills:
 * Level 12.0 Fighting
 - Level 12.0 Short Blades
 + Level 7.6(8.1) Slings
 - Level 4.1(6.4) Throwing
 * Level 11.0 Armour
 * Level 11.7 Dodging
 - Level 3.0 Unarmed Combat


You had 14 spell levels left.
You didn't know any spells.
Your spell library contained the following spells:

 Spells                   Type           Power      Damage    Failure   Level
 Pain                     Necr           0%         1d4       32%         1
 Shock                    Conj/Air       0%         1d3       32%         1
 Summon Small Mammal      Summ           0%         N/A       32%         1
 Call Canine Familiar     Summ           0%         N/A       67%         3
 Summon Guardian Golem    Hex/Summ       0%         N/A       67%         3
 Swiftness                Air            0%         N/A       67%         3
 Airstrike                Air            0%         N/A       97%         4
 Agony                    Necr           0%         N/A       100%        5
 Excruciating Wounds      Necr           0%         N/A       100%        5
 Conjure Ball Lightning   Conj/Air       0%         3x3d6     100%        6
 Discord                  Hex            0%         N/A       100%        8
 Disjunction              Tloc           0%         N/A       100%        8

Inventory:

Hand Weapons
 a - the +6 hunting sling of Disarray {freeze, rCorr Stlth+, sling}
   (You found it on level 7 of the Dungeon)

   Any ammunition fired from it freezes those it strikes, dealing additional
   cold damage.
   It can also slow down cold-blooded creatures.
   rCorr:     It protects you from acid and corrosion.
   Stlth:     It makes you more stealthy.
 b - the +12 short sword of Diohitonn (weapon) {speed, Int+4 Dex+5, short}
   (You found it on level 5 of the Dungeon)

   Attacks with this weapon are significantly faster.
   Int:       It affects your intelligence (+4).
   Dex:       It affects your dexterity (+5).
 w - a +2 dagger of venom {short}
   (You took it off a goblin on level 3 of the Dungeon)
 U - a +1 short sword {short}
   (Trog gifted it to you on level 2 of the Orcish Mines)
Missiles
 f - 8 poisoned darts {throwing}
 g - 383 stones (quivered) {throwing}
 h - 4 throwing nets {=f!fthrowing}
 z - 10 curare-tipped darts {=fthrowing}
 A - 16 boomerangs {throwing}
 F - 7 atropa-tipped darts {throwing}
Armour
 i - a +1 troll leather armour (worn) {Snorg}
   (You found it on level 10 of the Dungeon)
 q - a +2 hat of intelligence (worn)
   (You took it off Gastronok on level 10 of the Dungeon)
 B - a +2 cloak (worn)
   (You found it on level 2 of the Dungeon)
 S - a +1 hat of see invisible
   (You found it on level 4 of the Lair of Beasts)
Jewellery
 e - a +6 ring of dexterity (left hand)
   (You found it on level 1 of the Lair of Beasts)
 l - the ring "Juamix" (right hand) {rPois Slay+4}
   (You bought it in a shop on level 5 of the Dungeon)

   [ring of slaying]

   Slay:      It affects your accuracy & damage with ranged weapons and melee
   (+4).
   rPois:     It protects you from poison.
 s - a +4 ring of evasion
   (You found it on level 3 of the Dungeon)
 H - an amulet of regeneration {@e2}
   (You found it on level 4 of the Dungeon)
 K - a ring of poison resistance
   (You found it on level 4 of the Dungeon)
 O - an amulet of faith (around neck) {!P}
   (You found it on level 1 of the Dungeon)
Wands
 j - a wand of iceblast (15)
   (You found it on level 6 of the Lair of Beasts)
 o - a wand of flame (11)
   (You found it on level 6 of the Lair of Beasts)
 M - a wand of mindburst (20)
   (You took it off a gnoll on level 4 of the Dungeon)
 N - a wand of charming (7)
   (You took it off a gnoll on level 4 of the Dungeon)
 Q - a wand of paralysis (8)
   (You took it off Maggie on level 6 of the Dungeon)
Scrolls
 c - 4 scrolls of fog
 n - a scroll of silence {!r}
 u - 7 scrolls of teleportation {@r4}
 y - 7 scrolls of enchant weapon
 C - a scroll of magic mapping {!r}
 L - a scroll of brand weapon
 R - 3 scrolls of fear
 T - 2 scrolls of blinking {!r}
 V - a scroll of immolation {!r!r}
 W - 2 scrolls of vulnerability {!r!r}
 Z - 3 scrolls of enchant armour
Potions
 d - 5 potions of lignification {!q}
 k - 6 potions of curing {@q1}
 m - a potion of resistance
 p - a potion of brilliance
 r - 4 potions of ambrosia
 t - 3 potions of invisibility
 v - 4 potions of haste {@q3}
 D - 2 potions of berserk rage {unknown}
 E - 3 potions of mutation {unknown}
 G - a potion of cancellation {unknown}
 I - 2 potions of might {unknown}
 J - 3 potions of heal wounds {unknown}
 P - 7 potions of flight {unknown}
 Y - 2 potions of magic {unknown}
Miscellaneous
 x - a box of beasts
   (You found it on level 6 of the Lair of Beasts)

Dungeon Overview and Level Annotations

Branches:
Dungeon (11/15)            Temple (0/1) D:5            Lair (6/6) D:10
 Shoals (0/4) Lair:2        Snake (0/4) Lair:4        Slime (0/5) Lair:6
    Orc (2/2) D:11
    Elf: Orc:2

Altars:
Fedhas
Hepliaklqana
Uskayaw
Yredelemnul

Shops:
D:5 =   D:6 ((

Annotations:
Lair:2 exclusion: oklob plant
Lair:3 1 runed translucent door, Antichthon's ghost, journeyman NaWr

....).).......))..##
#....#.............##
##))#....######.)...##
....#....# #####....#
........#####..###...#
...##.####..÷.÷o##...#
..##### .÷...oo#)÷.##
.## ..÷..o)o)).# ##
...§.§o@).##
.÷...÷o).## .....÷...#
.......### #####
#....÷# #.#.## ######
.....# .....##
)...#.##


You could see 2 orc knights, an orc high priest (strong), an orc sorcerer
(strong), an orc warrior (strong), an orc priest (strong) and an orc wizard
(strong).


Message History

You feel invigorated. 😮 MP[+3]
You regained 3 mp, and now have 14/16 mp.
You barely miss the orc knight. You punch the orc knight. 😮 HP[+1]
You closely miss the orc knight. You bite the orc knight! You drain its power.
You feel invigorated. 😮 MP[+2]
Your mp is fully restored (16).
You impale the orc knight!! You bite the orc knight! You drain its power.
The orc warrior completely misses you.
The orc knight hits you with a +0 great mace!!
An orc sorcerer comes into view.
It is wielding a +0 dagger. 😮 HP[-16] MP[-3]
You take 16 damage, and now have 72/126 hp.
You lost 3 mp, and now have 13/16 mp.
You puncture the orc knight!
You kill the orc knight!
Trog accepts your kill.
Your Fighting skill increases to level 12! 😮 HP[+1]
You closely miss the orc warrior. You bite the orc warrior!
You drain its power.
You feel invigorated. 😮 MP[+3]
Your mp is fully restored (16).
You puncture the orc warrior!
You kill the orc warrior!
Trog accepts your kill. 😮 HP[+1]
The orc high priest barely misses you.
The orc priest mumbles some strange prayers to Beogh against you.
Beogh smites you! The orc warrior closely misses you.
The orc sorcerer casts a spell.
Things that are here:
a +0 great mace {mace}; a +0 chain mail; 😮 HP[-9] MP[-3]
You take 9 damage, and now have 65/126 hp.
You lost 3 mp, and now have 13/16 mp.
You impale the orc warrior!! You bite the orc warrior.
You kill the orc warrior!
Trog accepts your kill. 😮 HP[+1]
You impale the orc high priest!!
The orc high priest hits you with a +0 hand axe!
* * * LOW HITPOINT WARNING * * *
The orc priest miscasts a cantrip.
The orc warrior completely misses you. 😨 HP[-7] MP[-2]
You take 7 damage, and now have 59/126 hp.
You lost 2 mp, and now have 11/16 mp.
You impale the orc high priest!! You impale the orc high priest!!
You kill the orc high priest!
Trog accepts your kill.
Your Armour skill increases to level 11! 😨 HP[+1]
The orc priest completely misses you. The orc sorcerer completely misses you.
The orc priest mumbles some strange prayers to Beogh against you.
Beogh smites you!
* * * LOW HITPOINT WARNING * * *
The orc knight barely misses you.
You see here a +0 hand axe {axe}. 😨 HP[-9] MP[-1]
You take 9 damage, and now have 51/126 hp.
You lost 1 mp, and now have 10/16 mp.
You hit the orc sorcerer. 😨 HP[+1]
You impale the orc sorcerer!!
You kill the orc sorcerer!
Trog accepts your kill.
Trog appreciates your killing of a magic user.
The rust devil disappears in a puff of smoke!
You puncture the orc knight! You bite the orc knight. You drain its power.
You feel invigorated. 😨 HP[+1] MP[+1]
You barely miss the orc knight.
You bite the orc knight, but do no damage.
The orc knight misses you. 😨 HP[+1]
You puncture the orc knight! 😨 HP[+1]
You puncture the orc knight! You bite the orc knight. You drain its power.
You feel invigorated. 😨 MP[+5]
Your mp is fully restored (16).
You puncture the orc priest! You bite the orc priest.
You drain its power. 😨 HP[+1]
You impale the orc priest!!
You kill the orc priest!
Trog accepts your kill.
You are no longer berserk.
You are exhausted.
You feel yourself slow down.
The orc high priest mumbles some strange prayers to Beogh against you.
Beogh smites you!
* * * LOW HITPOINT WARNING * * *
The orc priest barely misses you.
The orc knight hits you with a +0 long sword!!
* * * LOW HITPOINT WARNING * * *
The orc knight hits you with a +0 war axe!!!
You die...

Skill      XL: |  1  2  3  4  5  6  7  8  9 10 11 12 13 14 15 |
---------------+----------------------------------------------+-----
Armour         | 2 3 4 5 7 9 10 11 | 11.0
Fighting       | 3 4 5 6 8 9 11 12 | 12.0
Dodging        | 2 3 4 6 7 8 9 11 | 11.7
Throwing       | 1 2 4 |  4.1
Short Blades   | 7 11 12 | 12.0
Slings         | 2 4 5 6 7 |  7.6
Unarmed Combat | |  3.0

Action                   |  1- 3 |  4- 6 |  7- 9 | 10-12 | 13-15 || total
-------------------------+-------+-------+-------+-------+-------++-------
Melee: Unarmed           |    56 |   126 |       |       |       ||   182
       Bite              |    16 |    38 |    88 |   134 |   392 ||   668
       Punch             |     1 |     6 |     6 |    13 |    42 ||    68
       Dagger            |       |    27 |   122 |    46 |       ||   195
       Spear             |       |       |    57 |       |       ||    57
       Short sword       |       |       |   105 |   343 |   821 ||  1269
 Fire: Hunting sling     |       |       |       |   200 |   236 ||   436
Throw: Stone             |       |    50 |    75 |    52 |   102 ||   279
Invok: Berserk           |     2 |     3 |     9 |    10 |    16 ||    40
       Trog's Hand       |       |     5 |     3 |    15 |    16 ||    39
       Brothers in Arms  |       |       |       |       |     5 ||     5
  Use: Scroll            |       |     1 |     6 |     5 |     8 ||    20
       Potion            |       |       |     1 |       |     2 ||     3
 Stab: Sleeping          |     2 |       |       |       |       ||     2
       Petrified         |       |       |       |       |     4 ||     4
       Petrifying        |       |       |       |       |     2 ||     2
Armor: Animal skin       |     8 |    20 |       |       |       ||    28
       Chain mail        |       |    66 |   124 |   164 |   156 ||   510
       Troll leather arm |       |       |       |       |    36 ||    36
Dodge: Dodged            |    39 |    86 |   171 |   352 |   649 ||  1297

Levels and vault maps discovered:
D:1:      roderic_chinese_lattice_arrival, layout_basic
D:2:      minmay_razor_zed, layout_rooms, shapermc_ecumenical_altar_gd
D:3:      cheibrodos_thug_alley, layout_rooms, minmay_misc_feat_secret_circle,
          kennysheep_generic_room_8, uniq_terence, uniq_grinder
D:4:      layout_rooms, jmf_multi_god_temple2, gammafunk_ghost_gnarly_gnolls,
          uniq_natasha, uniq_edmund, uniq_duvessa
D:5:      layout_gridville, minmay_temple_entry_purple_smoke, serial_shops,
          nicolae_shop_behind_doors, minmay_misc_feat_pillars,
          saegor_snake_ambush, uniq_sigmund
D:6:      layout_basic, nicolae_yredelemnul_corpse_copse, serial_shops,
          nicolae_stop_n_shop_2, nicolae_shop_hallway_stairs,
          grunt_decor_mini_mirrors, uniq_menkaure, uniq_maggie
D:7:      layout_rooms, uniq_prince_ribbit1
D:8:      layout_gridville
D:9:      layout_irregular_city, nicolae_uskayaw_en_pointe
D:10:     layout_long_grid, grunt_lair_entry_orc_guard_hut, minivault_25,
          uniq_fannar, uniq_snorg, uniq_gastronok
D:11:     layout_rooms, david_orc_3, special_room [special_room_bee],
          gauntlet_entry_generic, minmay_joined_circles
Lair:1:   layout_big_grid, minmay_hedge_maze, minivault_19, grunt_megastairs_5
Lair:2:   layout_gridlike, elwin_shoals_entry_rocks
Lair:3:   layout_small_grid, ebering_ghost_funeral_grove, serial_bayou_lagoon_a,
          serial_bayou_shore_b
Lair:4:   layout_concentric_octagons, dummy_snake_entry,
          grunt_forest_large_clearings
Lair:5:   layout_regular_city, fungi_pond_lemuel, serial_bayou_lake_a,
          grunt_megastairs_4
Lair:6:   evilmike_catoblepas_cave, layout_cave_shapes,
          minmay_slime_entry_pillars, lookout_lair_type, grunt_megastairs_1,
          serial_bayou_shore_a, infiniplex_staircase_pool
Orc:1:    layout_caves, nicolae_volcano_entry_two_sided, serial_shops, shop,
          mines1_david
Orc:2:    grunt_orc_tribal_feast, layout_caves

Notes
Turn   | Place    | Note
-------+----------+-------------------------------------------
     0 | D:1      | spaghetti the Vine Stalker Berserker began the quest for
                  | the Orb.
     0 | D:1      | Reached XP level 1. HP: 11/11 MP: 2/2
     0 | D:1      | magus.rc [v1.9.6]
   195 | D:1      | Reached XP level 2. HP: 15/16 MP: 1/3
   231 | D:1      | Reached skill level 2 in Armour
   283 | D:1      | You pick up a book of Air {forbidden} and begin reading...
   283 | D:1      | You add the spells Shock, Swiftness and Airstrike to your
                  | library.
   704 | D:1      | HP: 3/16 [hobgoblin (4)]
   981 | D:2      | Reached skill level 3 in Fighting
   981 | D:2      | Reached skill level 2 in Dodging
  1034 | D:2      | Reached XP level 3. HP: 20/20 MP: 1/4
  1043 | D:2      | Gained mutation: Your natural rate of healing is unusually
                  | fast. [Vine Stalker growth]
  1043 | D:2      | Reached XP level 4. HP: 14/24 MP: 3/5
  1278 | D:2      | Found a faded altar of an unknown god.
  1295 | D:2      | Reached ** piety under Trog
  1884 | D:3      | Noticed Grinder
  1904 | D:3      | HP: 6/24 [Grinder (2)]
  1928 | D:3      | Killed Grinder
  1929 | D:3      | Reached skill level 1 in Throwing
  1929 | D:3      | Reached skill level 3 in Armour
  1929 | D:3      | Reached skill level 3 in Dodging
  1929 | D:3      | Reached XP level 5. HP: 21/29 MP: 6/6
  1929 | D:3      | Reached XP level 6. HP: 24/33 MP: 7/7
  1972 | D:3      | You pick up a book of Callings {forbidden} and begin
                  | reading...
  1972 | D:3      | You add the spells Summon Small Mammal, Call Canine
                  | Familiar and Summon Guardian Golem to your library.
  2219 | D:3      | You pick up a book of Pain {forbidden} and begin reading...
  2219 | D:3      | You add the spells Pain, Agony and Excruciating Wounds to
                  | your library.
  2451 | D:3      | Reached skill level 4 in Fighting
  2451 | D:3      | Reached skill level 2 in Throwing
  2679 | D:3      | Noticed Terence
  2686 | D:3      | Killed Terence
  2687 | D:3      | Reached skill level 4 in Dodging
  2687 | D:3      | Reached XP level 7. HP: 33/33 MP: 8/8
  2903 | D:4      | Noticed Duvessa
  2904 | D:4      | Noticed Dowan
  3053 | D:4      | Killed Duvessa
  3057 | D:4      | Killed Dowan
  3118 | D:4      | Noticed Natasha
  3126 | D:4      | Killed Natasha
  3131 | D:4      | Reached *** piety under Trog
  3243 | D:4      | Noticed Natasha
  3252 | D:4      | Killed Natasha
  3253 | D:4      | Gained mutation: You have razor-sharp teeth. [Vine Stalker
                  | growth]
  3253 | D:4      | Reached XP level 8. HP: 39/42 MP: 9/9
  3292 | D:4      | Noticed HendSelp's ghost (amateur HuMo)
  3309 | D:4      | Reached skill level 3 in Throwing
  3360 | D:4      | Found a large runed translucent door.
  3368 | D:4      | Reached skill level 5 in Dodging
  3374 | D:4      | Found a large runed translucent door.
  3465 | D:4      | Noticed Natasha
  3477 | D:4      | Killed Natasha
  3505 | D:4      | Noticed Edmund
  3507 | D:4      | Identified the +3 spear of Valour {pain, Str+3}
  3514 | D:4      | Killed Edmund
  3515 | D:4      | Reached skill level 4 in Armour
  3580 | D:4      | Found a transporter.
  3587 | D:4      | Found a transporter.
  3661 | D:4      | Found a blossoming altar of Fedhas.
  3667 | D:4      | Found a hazy altar of Hepliaklqana.
  3781 | D:4      | Killed HendSelp's ghost
  3788 | D:4      | Reached skill level 5 in Fighting
  3884 | D:5      | Entered Level 5 of the Dungeon
  3884 | D:5      | Found a staircase to the Ecumenical Temple.
  3930 | D:5      | Noticed Sigmund
  3941 | D:5      | Killed Sigmund
  4025 | D:5      | Reached skill level 6 in Dodging
  4224 | D:5      | Reached skill level 4 in Throwing
  4224 | D:5      | Reached XP level 9. HP: 47/47 MP: 10/10
  4224 | D:5      | Reached **** piety under Trog
  4297 | D:5      | Identified the +12 short sword of Diohitonn {speed, Int+4
                  | Dex+5}
  4311 | D:5      | Found Paicurac's Jewellery Boutique.
  4382 | D:5      | Reached skill level 1 in Short Blades
  4449 | D:5      | Reached skill level 2 in Short Blades
  4511 | D:6      | Found Mibleimm's Weapon Boutique.
  4576 | D:6      | Noticed Menkaure
  4592 | D:6      | Reached skill level 3 in Short Blades
  4594 | D:6      | Killed Menkaure
  4671 | D:6      | Noticed Maggie
  4683 | D:6      | Killed Maggie
  4684 | D:6      | Reached skill level 4 in Short Blades
  4747 | D:6      | Reached skill level 5 in Short Blades
  4748 | D:6      | Found a basalt altar of Yredelemnul.
  4852 | D:6      | Reached skill level 6 in Short Blades
  4940 | D:6      | Reached skill level 7 in Short Blades
  4940 | D:6      | Reached XP level 10. HP: 51/51 MP: 11/11
  5266 | D:6      | Found Uvopseoq's Antique Weapon Emporium.
  5566 | D:7      | Identified the +6 hunting sling of Disarray {freeze, rCorr
                  | Stlth+}
  5681 | D:7      | Noticed Prince Ribbit
  5695 | D:7      | Killed Prince Ribbit
  5696 | D:7      | Reached skill level 8 in Short Blades
  5879 | D:7      | Killed an unseen horror
  5916 | D:7      | Reached skill level 9 in Short Blades
  7147 | D:9      | Noticed a +0 falchion
  7147 | D:9      | Noticed a +0 short sword
  7147 | D:9      | Noticed a +0 short sword
  7147 | D:9      | Noticed a +0 spear
  7148 | D:9      | Noticed a +0 dagger
  7148 | D:9      | Noticed a +0 dagger
  7149 | D:9      | Noticed a +0 falchion
  7150 | D:9      | Found a hide-covered altar of Uskayaw.
  7150 | D:9      | Noticed a +0 spear
  7184 | D:9      | Reached ***** piety under Trog
  7285 | D:9      | Reached skill level 10 in Short Blades
  7945 | D:10     | Entered Level 10 of the Dungeon
  8086 | D:10     | Killed an unseen horror
  8087 | D:10     | Reached skill level 11 in Short Blades
  8087 | D:10     | Reached XP level 11. HP: 32/56 MP: 12/12
  8249 | D:10     | Noticed Fannar
  8273 | D:10     | Killed Fannar
  8329 | D:10     | Noticed a two-headed ogre
  8341 | D:10     | Killed a two-headed ogre
  8342 | D:10     | Reached skill level 12 in Short Blades
  8407 | D:10     | Found a staircase to the Lair.
  8422 | Lair:1   | Entered Level 1 of the Lair of Beasts
  8496 | Lair:1   | Reached skill level 1 in Slings
  8514 | Lair:1   | Reached skill level 5 in Armour
  8531 | Lair:1   | Reached skill level 6 in Fighting
  8606 | Lair:1   | Noticed a five-headed hydra
  8624 | Lair:1   | Killed a five-headed hydra
  8625 | Lair:1   | Reached skill level 2 in Slings
  8700 | Lair:1   | Reached skill level 7 in Dodging
  8887 | Lair:1   | Reached XP level 12. HP: 57/62 MP: 10/13
  9036 | Lair:1   | Noticed an eight-headed hydra
  9046 | Lair:1   | Killed an eight-headed hydra
  9047 | Lair:1   | Reached skill level 6 in Armour
  9178 | Lair:2   | Reached skill level 7 in Fighting
  9243 | Lair:2   | Found a staircase to the Shoals.
  9393 | Lair:2   | Noticed a five-headed hydra
  9400 | Lair:2   | Reached skill level 3 in Slings
  9406 | Lair:2   | Killed a five-headed hydra
 10152 | Lair:3   | Reached skill level 8 in Dodging
 10303 | Lair:3   | Noticed a death yak
 10306 | Lair:3   | Noticed a death yak
 10307 | Lair:3   | Noticed a death yak
 10312 | Lair:3   | Noticed a death yak
 10318 | Lair:3   | Killed a death yak
 10319 | Lair:3   | Reached skill level 7 in Armour
 10327 | Lair:3   | Killed a death yak
 10335 | Lair:3   | Killed a death yak
 10336 | Lair:3   | Reached skill level 8 in Fighting
 10336 | Lair:3   | Reached skill level 4 in Slings
 10338 | Lair:3   | Killed a death yak
 10382 | Lair:3   | Noticed a four-headed hydra
 10408 | Lair:3   | Killed a four-headed hydra
 10651 | Lair:3   | Reached XP level 13. HP: 66/69 MP: 12/14
 10783 | Lair:3   | Found a runed translucent door.
 11066 | Lair:3   | Noticed Antichthon's ghost (journeyman NaWr)
 11068 | Lair:3   | Identified the +6 trident of the Radish {antimagic, rC+
                  | Dex+3}
 11482 | Lair:4   | Reached skill level 9 in Dodging
 11486 | Lair:4   | Reached skill level 8 in Armour
 11697 | Lair:4   | Found a staircase to the Snake Pit.
 11713 | Lair:4   | Reached skill level 9 in Fighting
 11727 | Lair:4   | HP: 21/105 [death yak (15)]
 11728 | Lair:4   | Reached skill level 5 in Slings
 11735 | Lair:4   | HP: 19/105 [death yak (6)]
 11735 | Lair:4   | HP: 7/105 [death yak (12)]
 12941 | Lair:5   | Reached skill level 9 in Armour
 12948 | Lair:5   | Reached XP level 14. HP: 72/76 MP: 15/15
 13131 | Lair:5   | Reached skill level 10 in Fighting
 13159 | Lair:5   | Reached skill level 10 in Dodging
 13595 | Lair:6   | Entered Level 6 of the Lair of Beasts
 13616 | Lair:6   | Reached skill level 6 in Slings
 13624 | Lair:6   | HP: 25/115 [death yak (10)]
 13935 | Lair:6   | HP: 27/115 [yak[a torpor snail] (6)]
 13954 | Lair:6   | HP: 27/115 [yak (2)]
 13962 | Lair:6   | HP: 19/77 [rime drake/flash freeze (3)]
 14148 | Lair:6   | Reached skill level 10 in Armour
 14295 | Lair:6   | Reached skill level 11 in Fighting
 14534 | Lair:6   | Found a staircase to the Slime Pits.
 14822 | Lair:6   | Reached skill level 11 in Dodging
 14918 | Lair:6   | Reached XP level 15. HP: 54/83 MP: 16/16
 14923 | Lair:6   | You pick up a book of Chaos {forbidden} and begin
                  | reading...
 14923 | Lair:6   | You add the spells Conjure Ball Lightning, Disjunction and
                  | Discord to your library.
 14983 | Lair:6   | Reached skill level 7 in Slings
 15503 | D:10     | Noticed Gastronok
 15524 | D:10     | Killed Gastronok
 15587 | D:10     | You pick up a book of Pain {forbidden} and begin reading...
 15821 | D:10     | Noticed Snorg
 15835 | D:10     | Killed Snorg
 16410 | D:11     | Found a staircase to the Orcish Mines.
 16773 | D:5      | Bought the ring "Juamix" {rPois Slay+4} for 1248 gold
                  | pieces
 16904 | Orc:1    | Entered Level 1 of the Orcish Mines
 17024 | Orc:2    | Entered Level 2 of the Orcish Mines
 17140 | Orc:2    | Received a gift from Trog
 17556 | Orc:2    | Reached skill level 12 in Fighting
 17563 | Orc:2    | Reached skill level 11 in Armour
 17571 | Orc:2    | HP: 16/84 [orc knight/+0 long sword (12)]
 17571 | Orc:2    | Demolished by an orc knight

Vanquished Creatures
  Gastronok (D:10)
  Snorg (D:10)
  Fannar (D:10)
  4 hydras
  5 catoblepae
  2 two-headed ogres
  27 death yaks
  3 orc high priests (Orc:2)
  3 orc knights
  2 orc sorcerers (Orc:2)
  A deep elf pyromancer (D:11)
  A cyclops (D:11)
  3 manticores
  16 elephants
  4 black mambas
  11 cane toads
  2 unseen horrors
  A gargoyle (D:10)
  Maggie (D:6)
  9 komodo dragons
  4 rime drakes
  A queen bee (D:11)
  2 trolls
  3 polar bears
  3 hornets
  Grinder (D:3)
  Prince Ribbit (D:7)
  8 blink frogs
  11 dream sheep
  2 wraiths
  Sigmund (D:5)
  A vampire (D:11)
  54 yaks
  4 wyverns
  2 basilisks
  The ghost of HendSelp the Insei, an amateur HuMo (D:4)
  Menkaure (D:6)
  Edmund (D:4)
  3 vampire mosquitoes (D:6)
  A warg (D:11)
  11 water moccasins
  Duvessa (D:4)
  An acid dragon (D:11)
  A hornet zombie (D:6)
  18 orc warriors
  6 black bears
  An ice beast (D:6)
  3 ogres
  A sky beast (D:7)
  32 wolves
  5 centaurs (D:11)
  4 kobold brigands
  A necrophage (D:4)
  A gnoll sergeant (D:10)
  3 scorpions
  13 bullfrogs
  A wyvern zombie (D:6)
  Dowan (D:4)
  42 killer bees
  3 electric eels (Lair:5)
  3 bullfrog zombies (D:6)
  A centaur zombie (D:6)
  7 jellies
  11 orc priests
  4 gnoll shamans
  4 iguanas
  Terence (D:3)
  Natasha (thrice) (D:4)
  15 orc wizards
  A killer bee zombie (D:6)
  27 gnolls
  8 adders
  A shadow imp (D:8)
  A white imp (D:6)
  2 worms (D:2)
  2 dart slugs (D:1)
  50 orcs
  6 ball pythons
  10 bats
  6 endoplasms
  5 giant cockroaches
  6 goblins
  14 hobgoblins
  27 kobolds
  5 quokkas
  3 frilled lizards
  7 rats
582 creatures vanquished.

Vanquished Creatures (collateral kills)
  5 death yaks
  5 elephants (Lair:6)
  A torpor snail (Lair:6)
  A rime drake (Lair:6)
  A slime creature (Lair:6)
  3 yaks (Lair:6)
  2 wolves
  A jelly (Lair:6)
19 creatures vanquished.

Vanquished Creatures (others)
  2 bushes (Lair:1)
  30 fungi
  91 plants
123 creatures vanquished.

Grand Total: 724 creatures vanquished

Table legend:
 A = Non-vault XP
 B = Vault XP
 C = Vault XP percentage of total XP
 D = Non-vault monster count
 E = Vault monster count
 F = Vault count percentage of total count
                 A         B        C        D         E       F
            +---------+---------+-------+---------+---------+-------
      Total |   76907 |   34457 |  30.9 |     406 |     195 |  32.4
            +---------+---------+-------+---------+---------+-------
        D:1 |      30 |       0 |   0.0 |      14 |       0 |   0.0
        D:2 |      85 |      35 |  29.2 |      21 |      12 |  36.4
        D:3 |     131 |     445 |  77.3 |      21 |      12 |  36.4
        D:4 |     428 |     732 |  63.1 |      20 |      14 |  41.2
        D:5 |     714 |     229 |  24.3 |      22 |       4 |  15.4
        D:6 |    1081 |     973 |  47.4 |      22 |       9 |  29.0
        D:7 |    1559 |     274 |  14.9 |      12 |       1 |   7.7
        D:8 |     547 |       0 |   0.0 |      13 |       0 |   0.0
        D:9 |    1843 |       0 |   0.0 |      31 |       0 |   0.0
       D:10 |    2291 |    3956 |  63.3 |      16 |       9 |  36.0
       D:11 |    1871 |    4217 |  69.3 |      12 |      40 |  76.9
     Lair:1 |    6043 |     937 |  13.4 |      19 |       5 |  20.8
     Lair:2 |    5128 |       0 |   0.0 |      14 |       0 |   0.0
     Lair:3 |    9265 |       0 |   0.0 |      28 |       0 |   0.0
     Lair:4 |   15561 |    2959 |  16.0 |      38 |      24 |  38.7
     Lair:5 |    4474 |    1342 |  23.1 |      14 |       6 |  30.0
     Lair:6 |   21532 |   13499 |  38.5 |      49 |      36 |  42.4
      Orc:1 |    1868 |       0 |   0.0 |      20 |       0 |   0.0
      Orc:2 |    2456 |    4859 |  66.4 |      20 |      23 |  53.5
            +---------+---------+-------+---------+---------+-------

Illustrated notes

Table legend:
 A = Kills in this place as a percentage of kills in entire the game.
 B = Kills by you in this place as a percentage of kills by you in the entire game.
 C = Kills by friends in this place as a percentage of kills by friends in the entire game.
 D = Other kills in this place as a percentage of other kills in the entire game.
 E = Experience gained in this place as a percentage of experience gained in the entire game.
 F = Experience gained in this place divided by the number of levels of this place that you have seen.
                   A       B       C       D       E      F
               +-------+-------+-------+-------+-------+----------------------
         Total | 100.0 | 100.0 | 100.0 |   N/A | 100.0 | 5861.3
       Dungeon |  50.7 |  52.4 |   0.0 |   N/A |  19.3 | 1949.2
          Lair |  38.8 |  36.8 | 100.0 |   N/A |  72.5 | 13456.7
  Orcish Mines |  10.5 |  10.8 |   0.0 |   N/A |   8.2 | 4591.5
               +-------+-------+-------+-------+-------+----------------------

Table legend: (Time is in decaauts)
 A = Elapsed time spent in this place.
 B = Non-inter-level travel time spent in this place.
 C = Inter-level travel time spent in this place.
 D = Time resting spent in this place.
 E = Time spent auto-exploring this place.
 F = Levels seen in this place.
 G = Mean time per level.
                   A        B        C        D        E       F      G
               +--------+--------+--------+--------+--------+-----+--------+
         Total |  17313 |  16025 |   1288 |    886 |  11741 |  19 |  911.2 |
       Dungeon |   9871 |   8965 |    906 |    424 |   6633 |  11 |  897.4 |
          Lair |   6821 |   6451 |    370 |    413 |   4796 |   6 | 1136.8 |
  Orcish Mines |    620 |    609 |     11 |     48 |    312 |   2 |  310.0 |
               +--------+--------+--------+--------+--------+-----+--------+

Top non-repeatable levels by time:
  Lair:3: 1500 daAuts
  Lair:6: 1462 daAuts
  Lair:4: 1208 daAuts
     D:3: 1125 daAuts
    D:10: 1085 daAuts
  Lair:5: 1075 daAuts
     D:2: 1012 daAuts
     D:6: 1006 daAuts
     D:1: 983 daAuts
     D:8: 882 daAuts
     D:9: 878 daAuts
     D:4: 874 daAuts
  Lair:2: 796 daAuts
  Lair:1: 779 daAuts
     D:7: 740 daAuts
